 Dungeon Crawl Stone Soup version 0.30-a0-459-g9104f0fc43 (webtiles) character file.

Game seed: 3209557374758398952

112 BigDaddyOpFi the Magician (level 4, 0/30 HPs)
             Began as a Mummy Earth Elementalist on Dec 15, 2022.
             Slain by an orc
             ... wielding a +0 trident
              (6 damage)
             ... on level 3 of the Dungeon.
             The game lasted 00:03:33 (2381 turns).

BigDaddyOpFi the Magician (MuEE)                    Turns: 2381, Time: 00:03:33

Health: 0/30       AC:  2    Str: 11    XL:     4   Next: 64%
Magic:  2/10       EV: 12    Int: 16    God:
Gold:   142        SH:  0    Dex: 12    Spells: 10/11 levels left

rFire   x . .      SeeInvis +    d - +0 dagger
rCold   + . .      Faith    +    (no shield)
rNeg    + + +      Spirit   .    a - +0 robe
rPois   ∞          Reflect  .    (no helmet)
rElec   .          Harm     .    (no cloak)
rCorr   .          Rampage  .    (no gloves)
Will    .....                    (no boots)
Stlth   ++........               (no amulet)
HPRegen 0.25/turn                c - ring of see invisible
MPRegen 0.12/turn                (no ring)

@: about to teleport
A: cold resistance 1, negative energy resistance 3, torment resistance 2, heat
vulnerability 1, in touch with death 1, no potions, faith
a: no special abilities


You were on level 3 of the Dungeon.
You visited 1 branch of the dungeon, and saw 3 of its levels.

You collected 142 gold pieces.

Inventory:

Hand Weapons
 d - a +0 dagger (weapon)
Missiles
 f - 4 poisoned darts
Armour
 a - a +0 robe (worn)
Jewellery
 c - a ring of see invisible (left hand)
Scrolls
 b - a scroll of butterflies {unknown}
 e - a scroll of torment {unknown}
 g - a scroll of teleportation
 h - a scroll of enchant weapon {unknown}
 i - 2 scrolls of identify {unknown}


   Skills:
 - Level 1.9 Dodging
 - Level 2.0 Stealth
 + Level 4.0 Spellcasting
 + Level 1.1 Conjurations
 - Level 1.2 Transmutations
 + Level 3.1 Earth Magic


You had 10 spell levels left.
You knew the following spells:

 Your Spells              Type           Power      Damage    Failure   Level
a - Sandblast             Erth           26%        2d8       4%          1

Your spell library contained the following spells:

 Spells                   Type           Power      Damage    Failure   Level
 Passwall                 Tmut/Erth      8%         N/A       11%         2
 Stone Arrow              Conj/Erth      20%        3d8       22%         3
 Hailstorm                Conj/Ice       4%         3d4       38%         3
 Ozocubu's Armour         Ice            3%         N/A       45%         3
 Petrify                  Tmut/Erth      10%        N/A       56%         4
 Metabolic Englaciation   Hex/Ice        1%         N/A       99%         5
 Simulacrum               Ice/Necr       2%         N/A       100%        6
 Ozocubu's Refrigeration  Ice            1%         4d7       100%        7
 Ice Form                 Ice/Tmut       Unusable   N/A       N/A         4
 Statue Form              Tmut/Erth      Unusable   N/A       N/A         6

Dungeon Overview and Level Annotations

Branches:
Dungeon (3/15)

Altars:

Shops:
D:2 [?(


Innate Abilities, Weirdness & Mutations

You are immune to poison.
Your flesh is cold resistant. (rC+)
You are immune to negative energy. (rN+++)
You are immune to unholy pain and torment.
You are vulnerable to heat. (rF-)
You are in touch with the powers of death.
You do not drink.
You have a special connection with the divine. (Faith)


Message History

An orc comes into view. It is wielding a +0 trident.
The orc shouts! x2
The blast of sand hits the ball python!
You kill the ball python!
The blast of sand hits the orc wizard.
The orc wizard is moderately wounded.
The orc wizard points at you and mumbles some strange words.
The magic dart hits you.
An orc comes into view. It is wielding a +0 club.
The blast of sand hits the orc wizard.
The orc wizard is severely wounded.
The blast of sand hits the orc wizard!
You kill the orc wizard!
The orc hits you with a +0 whip.
Your Conjurations skill increases to level 1!
The blast of sand hits the orc.
The orc is almost dead.
The orc completely misses you.
The blast of sand hits the orc.
You kill the orc!
An endoplasm comes into view.
The orc wizard hits you with a +0 dagger.
Your Spellcasting skill increases to level 4!
The blast of sand hits the orc wizard!
The orc wizard is heavily wounded.
The orc wizard hits you with a +0 dagger.
The blast of sand misses the orc wizard.
The blast of sand hits the orc!
You kill the orc!
The orc wizard hits you with a +0 dagger.
The orc wizard gestures at you while chanting.
The puff of flame hits you! The fire burns you terribly!
The orc hits you from afar with a +0 trident.
* * * LOW HITPOINT WARNING * * *
You are too injured to fight recklessly!
You can't drink.
As you read the scroll of teleportation, it crumbles to dust.
You feel strangely unstable.
The orc hits you from afar with a +0 trident.
You die...

#...###.###..########
# #.# #.......... #.#
#.########. ##.###.#
#...##.# #....#.#
#....#.# ####.#.#
#@#.. #o### #o# .†.
.J. ..... .....
#.....#


You could see an orc wizard, an orc and an endoplasm.

Vanquished Creatures
  An orc wizard (D:3)
  2 adders (D:3)
  A worm (D:3)
  3 dart slugs
  2 orcs (D:3)
  4 endoplasms (D:1)
  2 giant cockroaches
  5 goblins (D:1)
  5 hobgoblins (D:1)
  4 quokkas
  7 ball pythons
  11 bats
  5 frilled lizards
  A kobold (D:1)
  4 rats
57 creatures vanquished.

Notes
Turn   | Place    | Note
-------+----------+-------------------------------------------
     0 | D:1      | BigDaddyOpFi the Mummy Earth Elementalist began the quest
                  | for the Orb.
     0 | D:1      | Reached XP level 1. HP: 13/13 MP: 4/4
   205 | D:1      | Reached skill level 1 in Transmutations
   217 | D:1      | Reached XP level 2. HP: 19/19 MP: 3/5
   363 | D:1      | Reached skill level 3 in Spellcasting
   681 | D:1      | Gained mutation: You are in touch with the powers of death.
                  | [Mummy growth]
   681 | D:1      | Reached XP level 3. HP: 24/24 MP: 5/7
  1183 | D:2      | Found Dynaimao's Weapon Shop.
  1284 | D:2      | Identified the +3 scale mail of Lust {rN+++ rCorr Str-5
                  | Int-3}
  1626 | D:2      | Found Vasch's Armour Boutique.
  1676 | D:2      | Found Yvowuto's Magic Scroll Emporium.
  1682 | D:2      | Found a faded altar of an unknown god.
  1822 | D:2      | Identified the +0 ring mail "Roreceo" {rElec rC- Regen+
                  | Stlth+}
  2245 | D:3      | Reached XP level 4. HP: 30/30 MP: 6/9
  2377 | D:3      | Reached skill level 1 in Conjurations
  2379 | D:3      | Reached skill level 4 in Spellcasting
  2381 | D:3      | Slain by an orc

Illustrated notes

Levels and vault maps discovered:
D:1:      lemuel_arrival_behind_the_door_small, layout_loops_ring,
          minmay_distorted
D:2:      layout_basic, serial_shops, shop_fountains, shop, nicolae_shop_stone,
          hellmonk_ecumenical_altar_leap_of_faith, nicolae_eternal_life
D:3:      layout_loops_ring, nrook_uturn

Skill      XL: |  1  2  3  4 |
---------------+-------------+-----
Transmutations | 1 |  1.2
Spellcasting   | 3 4 |  4.0
Stealth        | 2 |  2.0
Earth Magic    | 3 |  3.1
Conjurations   | 1 |  1.1
Dodging        | |  1.9

Action                   |  1- 3 |  4- 6 || total
-------------------------+-------+-------++-------
 Cast: Sandblast         |    72 |    10 ||    82
  Use: Scroll            |     1 |     1 ||     2
Armor: Robe              |     4 |       ||     4
Dodge: Dodged            |    18 |     1 ||    19

Table legend: (Time is in decaauts)
 A = Elapsed time spent in this place.
 B = Non-inter-level travel time spent in this place.
 C = Inter-level travel time spent in this place.
 D = Time resting spent in this place.
 E = Time spent auto-exploring this place.
 F = Levels seen in this place.
 G = Mean time per level.
                   A        B        C        D        E       F      G
               +--------+--------+--------+--------+--------+-----+--------+
         Total |   2420 |   2314 |    106 |      0 |   2014 |   3 |  806.7 |
       Dungeon |   2420 |   2314 |    106 |      0 |   2014 |   3 |  806.7 |
               +--------+--------+--------+--------+--------+-----+--------+

Top non-repeatable levels by time:
     D:1: 1204 daAuts
     D:2: 895 daAuts
     D:3: 320 daAuts
